 Dungeon Crawl Stone Soup version 0.18-a0-1805-g8ab820f (webtiles) character file.

426 epen the Insei (level 6, -4/39 HPs)
             Began as a Gargoyle Monk on Apr 25, 2016.
             Killed from afar by an orc wizard (12 damage)
             ... with a puff of frost
             ... on level 3 of the Dungeon.
             The game lasted 00:06:08 (3929 turns).

epen the Insei (Gargoyle Monk)                      Turns: 3929, Time: 00:06:08

Health: -4/39      AC:  7    Str: 17    XL:     6   Next: 97%
Magic:  6/6        EV: 14    Int: 11    God:
Gold:   187        SH:  0    Dex: 17    Spells: 0 memorised, 5 levels left

rFire  . . .     SeeInvis .       - Unarmed
rCold  . . .     Gourm    +     a - +0 robe
rNeg   + . .     Faith    .     (no shield)
rPois  ∞         Spirit   .     (no helmet)
rElec  +         Dismiss  .     s - +0 cloak {+Inv}
rCorr  .         Reflect  .     (no gloves)
SustAt .         Harm     .     (no boots)
MR     .....                    i - amulet of the gourmand
Stlth  ++........               t - +3 ring of dexterity
                                h - +3 ring of strength

@: not resistant to hostile enchantments, unstealthy
A: negative energy resistance 1, electricity resistance, unbreathing,
petrification resistance, rot immunity, AC +4
a: Evoke Invisibility


You were on level 3 of the Dungeon.
You were not hungry.

You visited 1 branch of the dungeon, and saw 4 of its levels.

You collected 187 gold pieces.

Inventory:

Armour
 a - a +0 robe (worn)
 s - a +0 cloak of invisibility (worn)
Jewellery
 h - a +3 ring of strength (left hand)
 i - an amulet of the gourmand (around neck)
 j - an uncursed ring of wizardry
 k - an uncursed ring of wizardry
 t - a +3 ring of dexterity (right hand)
Wands
 z - a wand of slowing (48/48)
Scrolls
 d - a scroll of enchant weapon
 f - 6 scrolls of remove curse
 g - a scroll of magic mapping
 m - a scroll of noise
 v - a scroll of fog
Potions
 c - 3 potions of cancellation
 e - a potion of invisibility {unknown}
 l - a potion of lignification {unknown}
 n - a potion of curing {unknown}
 u - 2 potions of haste
 x - a potion of heal wounds {unknown}
Comestibles
 b - 3 bread rations
 o - 3 meat rations
 p - a royal jelly


   Skills:
 + Level 4.7 Fighting
 * Level 4.2 Dodging
 - Level 2.1 Stealth
 * Level 6.0 Unarmed Combat


You had 5 spell levels left.
You didn't know any spells.

Dungeon Overview and Level Annotations

Branches:
Dungeon (4/15)
 Temple: D:4-7

Altars:
Nemelex Xobeh
Qazlal
Trog
Xom


Innate Abilities, Weirdness & Mutations

You are resistant to torment.
Your stone body is resilient (AC +4).
You are immune to poison.
You resist negative energy.
You are resistant to electric shocks.
You can survive without breathing.
You are immune to petrification.
You are immune to rotting.


Message History

You punch the orc!
You kill the orc!
Something hits you but does no damage.
No target in view!
No target in view!
No target in view!
You see here a falchion.
Something hits you but does no damage.
You hear some strange, mumbled words.
A puff of flame appears from out of thin air!
The puff of flame hits you!
A puff of frost appears from out of thin air!
The puff of frost hits something.
You hear some strange, mumbled words.
A puff of flame appears from out of thin air!
The puff of flame hits you!
* * * LOW HITPOINT WARNING * * *
The orc wizard points at you and mumbles some strange words.
The puff of frost hits you!
You die...

##...###...##.#.....##
##.#..##.............#
...........#.........#
.#.##....###.........#
.........###.###...###
...............<.#.#
.............#####.#
..........#### #...#
......##### ##@######
....>.## #.......#
.....).#### ##.......#
..........####........#
..............o.......#
......)######..)......#
..............#(......#
.........##...........#
.........##..####....#####


You could see an orc wizard.

Vanquished Creatures
  The ghost of skk the Sneak, an amateur VSAs (D:4)
  Crazy Yiuf (D:2)
  An orc wizard (D:4)
  Terence (D:2)
  Natasha (thrice) (D:2)
  A worker ant (D:3)
  3 gnolls (D:4)
  3 adders (D:2)
  3 worms (D:3)
  6 dart slugs
  2 giant geckos
  8 orcs
  A ball python (D:1)
  5 giant cockroaches
  6 goblins
  3 hobgoblins
  9 kobolds
  2 quokkas
  9 bats
  A giant gecko skeleton (D:4)
  2 giant newts
  6 rats
  A fungus (D:2)
78 creatures vanquished.

Notes
Turn   | Place    | Note
--------------------------------------------------------------
     0 | D:1      | epen the Gargoyle Monk began the quest for the Orb.
     0 | D:1      | Reached XP level 1. HP: 14/14 MP: 1/1
   144 | D:1      | Reached XP level 2. HP: 9/19 MP: 2/2
   847 | D:1      | Reached XP level 3. HP: 23/23 MP: 3/3
   856 | D:2      | Noticed Natasha
   914 | D:2      | Killed Natasha
   914 | D:2      | Reached XP level 4. HP: 12/28 MP: 4/4
  1160 | D:2      | Noticed Natasha
  1165 | D:2      | Killed Natasha
  1207 | D:2      | Reached skill level 5 in Unarmed Combat
  1280 | D:2      | Noticed Terence
  1312 | D:2      | Killed Terence
  1312 | D:2      | Reached XP level 5. HP: 10/33 MP: 5/5
  1316 | D:2      | Noticed Natasha
  1587 | D:2      | Killed Natasha
  2166 | D:2      | Noticed Crazy Yiuf
  2182 | D:2      | Killed Crazy Yiuf
  2490 | D:3      | Reached XP level 6. HP: 27/38 MP: 4/6
  2740 | D:3      | Found a sparkling altar of Nemelex Xobeh.
  2745 | D:3      | Found a bloodstained altar of Trog.
  3263 | D:4      | Found a stormy altar of Qazlal.
  3263 | D:4      | Noticed skk's ghost (amateur VSAs)
  3407 | D:4      | Killed skk's ghost
  3549 | D:4      | Found a shimmering altar of Xom.
  3897 | D:4      | Reached skill level 6 in Unarmed Combat
  3929 | D:3      | Killed from afar by an orc wizard

Vault maps used:
D:1:      dpeg_arrival_pits, hangedman_abyss_or_decor_stabs
D:2:      uniq_natasha, uniq_crazy_yiuf_cottage, uniq_terence
D:3:      minitemple, kennysheep_generic_room_16
D:4:      tso_altar, evilmike_ruin_ashenzari, tgw_xom,
          overflow_temple_1_default, first_bread, hex_large

Skill      XL: |  1  2  3  4  5  6 |
---------------+-------------------+-----
Dodging        | 3 4 |  4.2
Unarmed Combat | 5 6 |  6.0
Fighting       | 4 |  4.7
Stealth        | |  2.1

Action                   |  1- 3 |  4- 6 || total
-------------------------+-------+-------++-------
Melee: Unarmed           |    94 |   291 ||   385
       Punch             |       |    12 ||    12
 Abil: Evoke Invisibilit |       |     1 ||     1
  Use: Scroll            |       |    11 ||    11
 Stab: Sleeping          |     5 |     4 ||     9
       Invisible         |       |     2 ||     2
  Eat: Chunk             |       |    13 ||    13
Armor: Robe              |    31 |    86 ||   117
Dodge: Dodged            |    54 |   170 ||   224
